 Dungeon Crawl Stone Soup version 0.28.0-45-g0d030f2227 (webtiles) character file.

Game seed: 11247327077848769167

548 101zpm the Magician (level 7, -7/47 HPs)
             Began as a Djinni Ice Elementalist on Apr 15, 2022.
             Mangled by an ice beast (15 damage)
             ... on level 5 of the Dungeon.
             The game lasted 00:17:46 (7369 turns).

101zpm the Magician (Djinni Ice Elementalist)       Turns: 7369, Time: 00:17:48

Health: -7/47      AC:  4    Str:  7    XL:     7   Next: 54%
Gold:   347        EV: 12    Int: 18    God:
                   SH:  3    Dex: 14

rFire   + + .      SeeInvis .   b - +2 dagger (speed)
rCold   x . .      Faith    .   q - +0 buckler
rNeg    + . .      Spirit   .   a - +0 robe
rPois   ∞          Reflect  .   h - +0 helmet
rElec   .          Harm     .   f - +0 cloak
rCorr   .          Rampage  .   (no gloves)
Will    .....                   (boots unavailable)
Stlth   ++........              (no amulet)
HPRegen 0.15/turn               m - ring of positive energy
MPRegen 0.00/turn               (no ring)

@: flying
A: sickness immunity, fire resistance 2, cold vulnerability 1, float, innate
caster, HP casting, extra vitality 1
a: no special abilities


You were on level 5 of the Dungeon.
You visited 1 branch of the dungeon, and saw 5 of its levels.

You collected 347 gold pieces.

Inventory:

Hand Weapons
 b - a +2 dagger of speed (weapon)
Missiles
 p - 109 stones
 u - 3 poisoned darts (quivered)
Armour
 a - a +0 robe (worn)
 f - a +0 cloak (worn)
 h - a +0 helmet (worn)
 q - a +0 buckler (worn)
Jewellery
 m - a ring of positive energy (left hand)
Wands
 t - a wand of iceblast (10)
Scrolls
 c - 2 scrolls of noise {unknown}
 d - 2 scrolls of brand weapon {unknown}
 e - 2 scrolls of enchant weapon {unknown}
 j - 4 scrolls of identify {unknown}
 k - 5 scrolls of teleportation {unknown}
 l - a scroll of vulnerability {unknown}
 r - a scroll of silence {unknown}
 x - a scroll of summoning {unknown}
Potions
 g - a potion of attraction {unknown}
 i - 2 potions of degeneration {unknown}
 n - a potion of curing {unknown}
 o - 2 potions of resistance {unknown}
 s - a potion of mutation {unknown}
 v - a potion of haste
 w - 2 potions of brilliance {unknown}


   Skills:
 + Level 1.2 Fighting
 + Level 2.3 Short Blades
 + Level 3.3 Dodging
 + Level 2.8 Stealth
 + Level 0.2 Shields
 + Level 5.4 Spellcasting


You couldn't memorise any spells.
You knew the following spells:

 Your Spells              Type           Power      Damage    Failure   Level
a - Freeze                Ice            96%        1d11      1%          1
b - Frozen Ramparts       Ice            48%        1d6       5%          3
c - Ozocubu's Armour      Ice            24%        N/A       5%          3
d - Hailstorm             Conj/Ice       24%        3d7       19%         4
e - Summon Small Mammal   Summ           96%        N/A       1%          1
f - Blink                 Tloc           48%        N/A       2%          2
g - Passwall              Tmut/Erth      20%        N/A       2%          2
Your spell library was empty.

Dungeon Overview and Level Annotations

Branches:
Dungeon (5/15)
 Temple: D:4-7

Altars:
Okawaru

Shops:
D:4 (

Annotations:
D:4 1 runed translucent door, Descartes's ghost, amateur TrWr


Innate Abilities, Weirdness & Mutations

You are immune to sickness and miasma.
You are immune to poison.
Your flesh is very heat resistant. (rF++)
You are vulnerable to cold. (rC-)
You float through the air rather than walking.
You learn spells naturally, not from books.
Your magical power is your life essence.
You have superior vitality. (+4 MHP)


Message History

You destroy the centaur zombie!
You start resting.
The frozen ramparts melt away.
You start resting.
Your bat disappears in a puff of smoke! x2
HP restored.
There is an open door here.
An ice beast comes into view.
You see here a metallic amethyst potion.
Throw: 6 darts (poison)
Press: ? - help, Q - select action, (/) - cycle Shift-Dir - straight line, f - ice beast
Aim: an ice beast (asleep, 98% to hit)
You throw a poisoned dart. The poisoned dart hits the ice beast.
Throw: 5 darts (poison)
Press: ? - help, Q - select action, (/) - cycle Shift-Dir - straight line, f/p - ice beast
Aim: an ice beast (57% to hit)
You throw a poisoned dart.
The poisoned dart barely misses the ice beast.
Throw: 4 darts (poison)
Press: ? - help, Q - select action, (/) - cycle Shift-Dir - straight line, f/p - ice beast
Aim: an ice beast (57% to hit)
You throw a poisoned dart.
The poisoned dart closely misses the ice beast.
The ice beast closely misses you.
Casting: Freeze (safe; 1% risk of failure)
Confirm with . or Enter, or press ? or * to list all spells.
Aiming: Passwall (safe; 2% risk of failure)
Press: ? - help, Dir - move target, p - ice beast A rock wall.
The ice beast hits you. The ice beast freezes you!!
You feel a terrible chill!
You begin to meditate on the wall.
You continue meditating on the rock.
The ice beast hits you. The ice beast freezes you!
You feel a terrible chill!
* * * LOW HITPOINT WARNING * * *
You continue meditating on the rock.
You block the ice beast's attack.
You continue meditating on the rock.
The ice beast hits you.
* * * LOW HITPOINT WARNING * * *
The ice beast freezes you!
You feel a terrible chill!
You die...

.###...###..#...##...#
..#.............#....#
..+.........#...#..).#
..#........###..#....#
..#.......## ##.#....#
..#........#.#.......#
..###...#.##.##.#....#
..###..####...####..##
......##=(..?..Y@##..#
.......####..(#'##...#
........#.## ##.#....#
...........# #.......#
..........## ##......#
...........###.......#
............#..#.....#
##.####.##.....###...#
##.####.##.##..###...#


You could see an ice beast.

Vanquished Creatures
  An orc warrior (D:4)
  A scorpion (D:5)
  A centaur zombie (D:5)
  A gnoll shaman (D:5)
  An orc priest (D:4)
  A jelly (D:5)
  An iguana (D:5)
  4 gnolls (D:5)
  A howler monkey skeleton (D:5)
  4 adders
  4 worms
  3 dart slugs
  6 orcs (D:4)
  6 ball pythons
  4 endoplasms
  4 giant cockroaches
  16 goblins
  7 hobgoblins
  3 jackals (D:2)
  4 quokkas
  4 bats
  3 frilled lizards
  7 kobolds
  5 rats
92 creatures vanquished.

Vanquished Creatures (collateral kills)
  A bullfrog zombie (D:5)
  An adder (D:4)
  A gnoll (D:5)
  A hobgoblin (D:4)
4 creatures vanquished.

Vanquished Creatures (others)
  2 withered plants (D:4)
2 creatures vanquished.

Grand Total: 98 creatures vanquished

Notes
Turn   | Place    | Note
-------+----------+-------------------------------------------
     0 | D:1      | 101zpm the Djinni Ice Elementalist began the quest for the
                  | Orb.
     0 | D:1      | Reached XP level 1. HP: 15/15 MP: 0/0
   305 | D:1      | Reached XP level 2. HP: 8/21 MP: 0/0
   998 | D:1      | Reached XP level 3. HP: 20/25 MP: 0/0
   998 | D:1      | Learned a level 1 spell: Summon Small Mammal
  1842 | D:2      | Reached XP level 4. HP: 14/31 MP: 0/0
  2067 | D:2      | Reached skill level 1 in Short Blades
  2374 | D:2      | Found an iron altar of Okawaru.
  2580 | D:3      | Reached skill level 4 in Spellcasting
  3270 | D:3      | Reached XP level 5. HP: 34/36 MP: 0/0
  3270 | D:3      | Learned a level 2 spell: Blink
  4654 | D:4      | Found Neme's Weapon Shoppe.
  5084 | D:4      | Found a runed translucent door.
  5085 | D:4      | Noticed Descartes's ghost (amateur TrWr)
  5194 | D:4      | Noticed an orc warrior
  5202 | D:4      | Reached skill level 1 in Fighting
  5202 | D:4      | Killed an orc warrior
  5203 | D:4      | Reached XP level 6. HP: 22/42 MP: 0/0
  5654 | D:5      | Entered Level 5 of the Dungeon
  6114 | D:5      | Reached skill level 5 in Spellcasting
  6416 | D:5      | Reached XP level 7. HP: 25/47 MP: 0/0
  6416 | D:5      | Learned a level 2 spell: Passwall
  7369 | D:5      | Mangled by an ice beast

Illustrated notes

Levels and vault maps discovered:
D:1:      denvon_arrival_waterhouse, layout_basic, minmay_circled_x
D:2:      layout_loops_ring, basic_altar, minmay_misc_feat_diagonals
D:3:      layout_basic
D:4:      layout_gridville, serial_shops, shop, gammafunk_ghost_grave,
          nicolae_zen_rock_garden
D:5:      layout_gridville, minmay_overflow_temple_star_quad,
          minmay_temple_entry_butterflies, minmay_fractal_squares_gapless_5

Skill      XL: |  1  2  3  4  5  6 |
---------------+-------------------+-----
Short Blades   | 1 2 |  2.3
Spellcasting   | 4 5 |  5.4
Stealth        | 2 |  2.8
Fighting       | 1 |  1.2
Dodging        | 3 |  3.3
Shields        | |  0.2

Action                   |  1- 3 |  4- 6 |  7- 9 || total
-------------------------+-------+-------+-------++-------
Melee: Dagger            |   127 |   155 |    28 ||   310
       Punch             |     1 |     1 |       ||     2
Throw: Dart              |       |       |     3 ||     3
 Cast: Freeze            |    13 |    11 |     8 ||    32
       Summon Small Mamm |       |    36 |     6 ||    42
       Frozen Ramparts   |       |    16 |     5 ||    21
       Hailstorm         |       |     5 |       ||     5
       Ozocubu's Armour  |       |     2 |     2 ||     4
       Blink             |       |     2 |       ||     2
       Passwall          |       |       |     1 ||     1
 Stab: Sleeping          |     2 |     1 |     1 ||     4
       Distracted        |       |       |     1 ||     1
Armor: Robe              |    18 |    41 |    16 ||    75
Dodge: Dodged            |    48 |    90 |    20 ||   158
Block: Buckler           |       |     7 |     3 ||    10
